 Dungeon Crawl Stone Soup version 0.29-a0-824-gd827844252 (webtiles) character file.

Game seed: 3195989573538713220

15 jimonade the Sneak (level 2, 0/15 HPs)
             Began as a Kobold Enchanter on July 11, 2022.
             Slain by a kobold
             ... wielding a +0 whip
              (3 damage)
             ... on level 1 of the Dungeon.
             The game lasted 00:00:38 (257 turns).

jimonade the Sneak (Kobold Enchanter)                Turns: 257, Time: 00:00:39

Health: 0/15       AC:  2    Str:  5    XL:     2   Next: 65%
Magic:  5/5        EV: 15    Int: 16    God:
Gold:   7          SH:  0    Dex: 15    Spells: 5/5 levels left

rFire   . . .      SeeInvis .   a - +1 dagger
rCold   . . .      Faith    .   (no shield)
rNeg    . . .      Spirit   .   b - +0 robe
rPois   .          Reflect  .   (no helmet)
rElec   .          Harm     .   (no cloak)
rCorr   .          Rampage  .   (no gloves)
Will    .....                   (no boots)
Stlth   ++++......              (no amulet)
HPRegen 0.05/turn               (no ring)
MPRegen 0.09/turn               (no ring)

@: no status effects
A: small, no large weapons, nightstalker 3
a: no special abilities


You were on level 1 of the Dungeon.
You visited 1 branch of the dungeon, and saw 1 of its levels.

You collected 7 gold pieces.

Inventory:

Hand Weapons
 a - a +1 dagger (weapon)
 f - a +0 dagger
Armour
 b - a +0 robe (worn)
Jewellery
 g - a ring of willpower
Scrolls
 d - a scroll of identify {unknown}
 j - a scroll of blinking {unknown}
Potions
 c - 2 potions of invisibility
 e - 3 potions of curing {unknown}
 h - a potion of berserk rage {unknown}
 i - a potion of brilliance {unknown}


   Skills:
 + Level 1.3 Short Blades
 + Level 2.4 Dodging
 * Level 5.1 Stealth
 + Level 2.1 Spellcasting
 + Level 3.1 Hexes


You had 5 spell levels left.
You didn't know any spells.
Your spell library contained the following spells:

 Spells                   Type           Power      Damage    Failure   Level
 Ensorcelled Hibernation  Hex/Ice        12%        N/A       16%         2
 Confusing Touch          Hex            11%        N/A       17%         3
 Tukima's Dance           Hex            11%        N/A       17%         3
 Dazzling Flash           Conj/Hex       12%        N/A       32%         3


Dungeon Overview and Level Annotations

Branches:
Dungeon (1/15)

Altars:


Innate Abilities, Weirdness & Mutations

You are small and have problems with some larger weapons.
You are completely attuned to the shadows.


Message History

There is a stone staircase leading down here.
A bat and an endoplasm come into view.
You closely miss the bat. The bat hits you but does no damage.
You hit the bat.
The bat is severely wounded.
The bat closely misses you. The bat barely misses you.
You hit the bat.
You kill the bat!
The helpless endoplasm fails to defend itself.
You impale the endoplasm!!
You kill the endoplasm!
A dart slug comes into view.
The helpless dart slug fails to defend itself.
You impale the dart slug!!
You kill the dart slug!
Your Stealth skill increases to level 5!
A kobold comes into view. It is wielding a +0 whip.
A goblin comes into view. It is wielding a +0 club.
The goblin shouts!
The kobold shouts!
The kobold misses you.
You barely miss the kobold. The kobold hits you with a +0 whip.
The goblin attacks as you move away! The goblin hits you with a +0 club.
The kobold attacks as you move away! The kobold barely misses you.
The kobold attacks as you move away! The kobold closely misses you.
The kobold throws a stone.
The stone misses you. The goblin closely misses you.
The kobold throws a stone.
The stone closely misses you.
You hit the goblin.
The goblin is moderately wounded.
The goblin hits you with a +0 club.
You are too injured to fight recklessly!
You hit the goblin.
You kill the goblin!
The kobold throws a stone.
The stone hits you.
* * * LOW HITPOINT WARNING * * *
The kobold misses you.
Things that are here:
a +0 club; a goblin corpse You completely miss the kobold.
The kobold hits you with a +0 whip.
You die...

#.# #..##.........#######......
#.# #..######....).............
#.# #...# #.......###.##..... #.#
#.#.# #.....#..##.##..... >.#
#.#.#####.....##....##..... .##
#.#.....#####...#....#..... .####
#.#.....# ###....#.#..###
.†..###.#.....#########......####
................@K...............
......#.#......##...........)##..
...##...#.....................##.
...###........##.......(.........
##..###.......##..............##.
##.......## #..............###
#####..... .......# # ##..##
^.....## # #... .....#####


You could see a kobold.

Vanquished Creatures
  A dart slug (D:1)
  3 endoplasms (D:1)
  2 goblins (D:1)
  3 jackals (D:1)
  A bat (D:1)
  A kobold (D:1)
11 creatures vanquished.

Notes
Turn   | Place    | Note
-------+----------+-------------------------------------------
     0 | D:1      | jimonade the Kobold Enchanter began the quest for the Orb.
     0 | D:1      | Reached XP level 1. HP: 10/10 MP: 3/3
   132 | D:1      | Reached XP level 2. HP: 15/15 MP: 5/5
   228 | D:1      | Reached skill level 5 in Stealth
   257 | D:1      | Slain by a kobold

Illustrated notes

Levels and vault maps discovered:
D:1:      lemuel_arrival_river_ford, layout_rooms

Skill      XL: |  1  2 |
---------------+-------+-----
Stealth        | 5 |  5.1
Short Blades   | |  1.3
Dodging        | |  2.4
Spellcasting   | |  2.1
Hexes          | |  3.1

Action                   || total
-------------------------++-------
Melee: Dagger            ||    19
 Stab: Sleeping          ||     8
Armor: Robe              ||     2
Dodge: Dodged            ||     9

Table legend: (Time is in decaauts)
 A = Elapsed time spent in this place.
 B = Non-inter-level travel time spent in this place.
 C = Inter-level travel time spent in this place.
 D = Time resting spent in this place.
 E = Time spent auto-exploring this place.
 F = Levels seen in this place.
 G = Mean time per level.
                   A        B        C        D        E       F      G
               +--------+--------+--------+--------+--------+-----+--------+
         Total |    258 |    258 |      0 |      0 |    187 |   1 |  258.0 |
       Dungeon |    258 |    258 |      0 |      0 |    187 |   1 |  258.0 |
               +--------+--------+--------+--------+--------+-----+--------+

Top non-repeatable levels by time:
     D:1: 258 daAuts
